 Dungeon Crawl Stone Soup version 0.24-a0-439-g6dd8730de2 (webtiles) character file.

Game seed: 9274356882628552858

413 Gargoyl the Skirmisher (level 6, -5/52 HPs)
             Began as a Centaur Abyssal Knight on June 18, 2019.
             Was a Believer of Lugonu.
             Splashed by Robin's acid (8 damage)
             ... on level 3 of the Dungeon.
             The game lasted 00:04:12 (2772 turns).

Gargoyl the Skirmisher (Centaur Abyssal Knight)     Turns: 2772, Time: 00:04:12

Health: -5/52      AC: 12    Str: 12    XL:     6   Next: 59%
Magic:  8/8        EV:  1    Int: 11    God:    Lugonu [**....]
Gold:   117        SH:  0    Dex: 11    Spells: 5/5 levels left

rFire    . . .     SeeInvis .   a - +2 hand axe
rCold    . . .     Gourm    .   (no shield)
rNeg     . . .     Faith    .   f - +3 plate armour
rPois    .         Spirit   .   (no helmet)
rElec    +         Reflect  .   (no cloak)
rCorr    .         Harm     .   (no gloves)
MR       .....                  (no barding)
Stlth    ..........             (no amulet)
HPRegen  0.17/turn              (no ring)
MPRegen  0.11/turn              (no ring)

@: very quick
A: large, hooves 3, deformed body, speed 2, electricity resistance, tough skin
3, weak 1, subdued magic 1, MP-powered wands
a: Depart the Abyss, Bend Space, Renounce Religion


You were on level 3 of the Dungeon.
You worshipped Lugonu.
Lugonu was pleased with you.
You were not hungry.

You visited 1 branch of the dungeon, and saw 3 of its levels.
You visited the Abyss 1 time.

You collected 117 gold pieces.

Inventory:

Hand Weapons
 a - a +2 hand axe (weapon)
Armour
 f - a +3 plate armour (worn)
Wands
 g - a wand of enslavement (8)
Scrolls
 d - a scroll of fog {unknown}
 j - a scroll of identify
 l - a scroll of teleportation
Potions
 b - a potion of mutation
 e - 2 potions of heal wounds
 h - a potion of resistance {unknown}
 i - a potion of flight {unknown}
 k - a potion of brilliance {unknown}
 m - 3 potions of curing {unknown}
 n - 2 potions of cancellation {unknown}
Comestibles
 c - a ration
 o - a chunk of flesh


   Skills:
 + Level 4.0 Fighting
 + Level 3.3 Axes
 * Level 3.2 Armour
 * Level 1.9 Dodging
 * Level 3.4 Invocations


You had 5 spell levels left.
You didn't know any spells.
Your spell library was empty.

Dungeon Overview and Level Annotations

Branches:
Dungeon (3/15)

Altars:
Sif Muna
Vehumet

Annotations:
D:3 Robin


Innate Abilities, Weirdness & Mutations

You have hooves in place of feet.
Armour fits poorly on your strangely shaped body.
You cover ground very quickly.
You have extremely tough skin. (AC +3)
You are resistant to electric shocks. (rElec)
You are weak. (Str -2)
Your spells are a little easier to cast, but a little less powerful.
You expend magic power (3 MP) to strengthen your wands.


Message History

Unknown command.
Unknown command.
The hobgoblin hits you but does no damage.
Robin zaps a wand.
The bolt of acid hits the hobgoblin!
The hobgoblin is splashed with acid.
The acid corrodes the hobgoblin!
The hobgoblin dies!
The bolt of acid hits you!
You are splashed with acid!
* * * LOW HITPOINT WARNING * * *
Items here: ( )) †† a +0 club; a +0 hunting sling; 25 stones; a goblin corpse x2
You feel much better.
Robin zaps a wand.
The bolt of acid hits you but does no damage.
You are splashed with acid!
Things that are here:
a +0 club; a hobgoblin corpse; a goblin corpse You hit Robin but do no damage.
You kick Robin, but do no damage.
Robin zaps a wand.
The bolt of acid hits you!
* * * LOW HITPOINT WARNING * * *
You are splashed with acid!
You die...

* *,,* ***,,,,,,,,,,,,,
* #,,* *,,,.,,,,,,**,**
* #.,* *,**..<,*,,*,*,*
* #^,* *,#*,..*##,,***,
* *..* *!#*,,#.#.,** **
* *,.###.**,,**..#* * *
****,,...,,,,,,,,#.## *#
*
*,,,,*#g#,##,#.###..###.
*
*,*,,*#@#,,.#*#......#.#
*
*,,,**#)###*.#.###)†#.#*
* **,** #...#*#.#*
#)†..# * *,*
###(###.#####)#)# * *,*
#..(..).(.(.(<#.# *
*,***#.#...).#######,#*
* *,,,...#..#### *,,,
***** ***###*#..# *,**
*,,,*************#..#
*,*


You could see Robin.

Vanquished Creatures
  Sigmund (D:3)
  2 hounds
  An orc priest (D:3)
  7 adders
  2 oozes
  2 worms
  A dart slug (D:3)
  4 leopard geckos
  3 orcs (D:3)
  5 giant cockroaches
  16 goblins
  6 hobgoblins
  11 kobolds
  5 bats
  8 frilled lizards
  4 rats
78 creatures vanquished.

Vanquished Creatures (others)
  A hobgoblin (D:3)
1 creature vanquished.

Grand Total: 79 creatures vanquished

Notes
Turn   | Place    | Note
-------+----------+-------------------------------------------
     0 | Abyss:1  | Gargoyl the Centaur Abyssal Knight began the quest for the
                  | Orb.
     0 | Abyss:1  | Reached XP level 1. HP: 19/19 MP: 2/2
     0 | Abyss:1  | Found a corrupted altar of Lugonu.
    33 | Abyss:1  | Gained mutation: You are weak. (Str -2) [potion of
                  | mutation]
    33 | Abyss:1  | Gained mutation: You are resistant to electric shocks.
                  | (rElec) [potion of mutation]
    33 | Abyss:1  | Gained mutation: Your spells are a little easier to cast,
                  | but a little less powerful. [potion of mutation]
    33 | Abyss:1  | Gained mutation: You expend magic power (3 MP) to
                  | strengthen your wands. [potion of mutation]
   124 | Abyss:1  | Noticed a small abomination
   125 | Abyss:1  | Noticed a hellion
   127 | D:1      | Escaped the Abyss
   375 | D:1      | Reached * piety under Lugonu
   428 | D:1      | Reached XP level 2. HP: 19/26 MP: 3/3
   553 | D:1      | Reached skill level 1 in Dodging
  1051 | D:2      | Reached XP level 3. HP: 28/31 MP: 4/4
  1646 | D:2      | You fall into a shaft and drop 1 floor!
  1662 | D:3      | Reached XP level 4. HP: 28/38 MP: 5/5
  1795 | D:3      | Noticed Sigmund
  1802 | D:3      | Reached ** piety under Lugonu
  1875 | D:3      | Killed Sigmund
  1875 | D:3      | Reached XP level 5. HP: 35/46 MP: 7/7
  1884 | D:3      | Reached XP level 6. HP: 41/52 MP: 8/8
  2671 | D:2      | Found a deep blue altar of Sif Muna.
  2671 | D:2      | Found a radiant altar of Vehumet.
  2725 | D:3      | Reached skill level 4 in Fighting
  2765 | D:3      | Noticed Robin
  2772 | D:3      | Splashed by Robin's acid

Levels and vault maps discovered:
D:1:      psy_arrival_fountain, layout_loops_ring
D:2:      layout_loops_ring, gammafunk_temple_overflow_elements
D:3:      layout_loops_ring, first_ration, lexackson_kobold_supper, uniq_robin,
          uniq_sigmund

Skill      XL: |  1  2  3  4  5  6 |
---------------+-------------------+-----
Dodging        | 1 |  1.9
Axes           | 2 3 |  3.3
Armour         | 2 3 |  3.2
Invocations    | 3 |  3.4
Fighting       | 4 |  4.0

Action                   |  1- 3 |  4- 6 || total
-------------------------+-------+-------++-------
Melee: Hand axe          |   104 |   139 ||   243
       Kick              |    13 |    16 ||    29
Invok: Depart the Abyss  |     1 |       ||     1
  Use: Scroll            |     7 |     4 ||    11
       Potion            |     1 |     4 ||     5
 Stab: Invisible         |       |     2 ||     2
  Eat: Chunk             |     1 |     4 ||     5
Armor: Plate armour      |   139 |   116 ||   255
       Skin              |       |    21 ||    21
Dodge: Dodged            |     9 |    13 ||    22

Table legend:
 A = Non-vault XP
 B = Vault XP
 C = Vault XP percentage of total XP
 D = Non-vault monster count
 E = Vault monster count
 F = Vault count percentage of total count
                 A         B        C        D         E       F
            +---------+---------+-------+---------+---------+-------
      Total |     338 |     253 |  42.8 |      66 |      12 |  15.4
            +---------+---------+-------+---------+---------+-------
        D:1 |      39 |       0 |   0.0 |      23 |       0 |   0.0
        D:2 |     146 |       0 |   0.0 |      23 |       0 |   0.0
        D:3 |     153 |     253 |  62.3 |      20 |      12 |  37.5
            +---------+---------+-------+---------+---------+-------
